 Dungeon Crawl Stone Soup version 0.28-a0-691-gad6df49e81 (webtiles) character file.

Game seed: 2693200126772691478

77405 avis the Brawler (level 15, -4/135 HPs)
             Began as an Octopode Transmuter on Oct 18, 2021.
             Was an Initiate of Gozag.
             Slain by a death knight (5 damage)
             ... on level 13 of the Dungeon on Oct 20, 2021.
             The game lasted 02:30:36 (34208 turns).

avis the Brawler (Octopode Transmuter)             Turns: 34208, Time: 02:30:39

Health: -4/135     AC: 17    Str: 22    XL:     15   Next: 56%
Magic:  22/22      EV: 19    Int: 28    God:    Gozag
Gold:   4980       SH:  0    Dex: 18    Spells: 11/24 levels left

rFire   x . .      SeeInvis .     - Unarmed
rCold   + + +      Faith    .   (shield currently unavailable)
rNeg    . . .      Spirit   .   (helmet currently unavailable)
rPois   +          Reflect  .   z - amulet of magic regeneration
rElec   .          Harm     .   b - ring "Neraebre" {AC+4 Int+6 Stlth-}
rCorr   .          Rampage  .   y - +6 ring of dexterity
Will    +....                   N - +6 ring of strength
Stlth   ++++......              A - +6 ring of intelligence
HPRegen 0.32/turn               p - +4 ring of evasion
MPRegen 0.43/turn               K - ring of wizardry
                                f - ring of fire
                                c - ring of ice

@: ice-form, marked, gold aura
A: freezing attack, boosted hp, almost no armour, amphibious, 8 rings, large,
(camouflage 1), (gelatinous body 1), (nimble swimmer 1), (tentacles)
a: End Transformation, Renounce Religion, Potion Petition, Call Merchant, Bribe
Branch


You were on level 13 of the Dungeon.
You worshipped Gozag.
Gozag was most pleased with you.
You were a creature of crystalline ice.
You visited 3 branches of the dungeon, and saw 21 of its levels.
You also visited: Ossuary.

You collected 5563 gold pieces.
You paid 583 gold pieces to Gozag.

Inventory:

Armour
 t - a +0 buckler (melded)
 I - a +2 hat (melded)
Magical Staves
 i - a staff of poison (melded)
Jewellery
 b - the ring "Neraebre" (left front paw) {AC+4 Int+6 Stlth-}
   (You found it on level 3 of the Lair of Beasts)

   [ring of protection]

   AC:        It affects your AC (+4).
   Int:       It affects your intelligence (+6).
   Stlth:     It makes you less stealthy.
 c - a ring of ice (on tentacle)
 f - a ring of fire (on tentacle)
 p - a +4 ring of evasion (on tentacle)
 y - a +6 ring of dexterity (right front paw)
 z - an amulet of magic regeneration (around neck)
 A - a +6 ring of intelligence (on tentacle)
 K - a ring of wizardry (on tentacle)
 N - a +6 ring of strength (on tentacle)
Wands
 a - a wand of paralysis (19)
 h - a wand of flame (8)
 l - a wand of mindburst (7)
 F - a wand of iceblast (15)
 J - a wand of digging (5)
 L - a wand of acid (5)
 T - a wand of charming (34)
Scrolls
 j - 2 scrolls of fear {unknown}
 r - 10 scrolls of teleportation
 u - 6 scrolls of magic mapping
 w - 2 scrolls of enchant weapon {unknown}
 x - 2 scrolls of amnesia {unknown}
 O - 3 scrolls of fog {unknown}
 S - 2 scrolls of blinking {unknown}
 U - a scroll of torment {unknown}
Potions
 d - 2 potions of heal wounds
 g - 5 potions of might
 k - 3 potions of cancellation
 n - a potion of flight
 o - 6 potions of lignification
 B - 2 potions of ambrosia
 D - 8 potions of curing
 E - 3 potions of resistance
 G - 3 potions of magic
 H - 3 potions of berserk rage
 P - 2 potions of invisibility
Miscellaneous
 v - a lightning rod (4/4)
 R - a phantom mirror


   Skills:
 * Level 14.2 Fighting
 - Level 10.0 Dodging
 - Level 10.0 Stealth
 - Level 4.0 Shields
 - Level 15.0 Unarmed Combat
 - Level 5.0 Spellcasting
 - Level 12.0 Transmutations
 - Level 4.0 Ice Magic
 - Level 2.0 Air Magic
 - Level 1.0 Poison Magic


You had 11 spell levels left.
You knew the following spells:

 Your Spells              Type           Power      Damage    Failure   Level
a - Beastly Appendage     Tmut           100%       N/A       1%          1
e - Wereblood             Tmut           65%        N/A       1%          2
f - Swiftness             Air            18%        N/A       3%          3
p - Spider Form           Tmut/Pois      21%        N/A       1%          3
q - Ice Form              Ice/Tmut       67%        N/A       1%          4

Your spell library contained the following spells:

 Spells                   Type           Power      Damage    Failure   Level
 Shock                    Conj/Air       48%        1d6       1%          1
 Ensorcelled Hibernation  Hex/Ice        54%        N/A       1%          2
 Ignite Poison            Fire/Tmut/Pois 46%        N/A       1%          3
 Magic Dart               Conj           28%        1d4       2%          1
 Pain                     Necr           28%        1d5       2%          1
 Static Discharge         Conj/Air       12%        N/A       2%          2
 Call Imp                 Summ           7%         N/A       4%          2
 Scorch                   Fire           20%        2d6       4%          2
 Slow                     Hex            7%         N/A       4%          2
 Mephitic Cloud           Conj/Pois/Air  12%        N/A       5%          3
 Alistair's Intoxication  Tmut/Pois      28%        N/A       5%          5
 Confusing Touch          Hex            7%         N/A       9%          3
 Dazzling Flash           Conj/Hex       14%        N/A       9%          3
 Airstrike                Air            9%         N/A       12%         4
 Dispel Undead            Necr           7%         3d8       26%         4
 Flame Wave               Conj/Fire      10%        3d4       26%         4
 Fulminant Prism          Conj/Hex       3%         3d6       26%         4
 Iskenderun's Mystic Bla  Conj/Tloc      7%         2d4       26%         4
 Sticky Flame             Conj/Fire      10%        2d3       26%         4
 Eringya's Noxious Bog    Tmut/Pois      21%        N/A       26%         6
 Freezing Cloud           Conj/Ice/Air   13%        6-21      32%         5
 Metabolic Englaciation   Hex/Ice        13%        N/A       32%         5
 Silence                  Hex/Air        6%         N/A       43%         5
 Agony                    Necr           7%         N/A       56%         5
 Borgnjor's Vile Clutch   Necr/Erth      3%         N/A       56%         5
 Excruciating Wounds      Necr           3%         N/A       56%         5
 Fireball                 Conj/Fire      5%         3d5       56%         5
 Lee's Rapid Deconstruct  Erth           3%         3d6*      56%         5
 Summon Mana Viper        Hex/Summ       7%         N/A       56%         5
 Starburst                Conj/Fire      5%         6d4       98%         6
 Summon Cactus Giant      Summ           3%         N/A       98%         6
 Ignition                 Fire           5%         3d4       100%        8


Dungeon Overview and Level Annotations

Branches:
Dungeon (14/15)            Temple (1/1) D:6            Lair (6/6) D:11
  Swamp (0/4) Lair:2        Snake (0/4) Lair:4        Slime (0/5) Lair:5
    Orc (0/2) D:9          Vaults (0/5) D:13        Ossuary (visited)

Altars:
Ashenzari
Cheibriados
Dithmenos
Elyvilon
Fedhas
Gozag
Hepliaklqana
Kikubaaqudgha
Makhleb
Nemelex Xobeh
Okawaru
Qazlal
Ru
Sif Muna
Trog
Uskayaw
Vehumet
Wu Jian
Xom
Yredelemnul
Zin
The Shining One
Jiyva
Lugonu

Shops:
D:4 (

Portals:
Abyss: Lair:6

Annotations:
D:13 3 runed translucent doors, fomalhaut's ghost, journeyman DrCj
Lair:3 3 runed translucent doors, rogsnak's ghost, journeyman GnWz
Lair:4 2 runed translucent doors, Nonn's ghost, adept HuCj
Lair:5 1 runed translucent door
Lair:6 2 transporters, Soleutoll's ghost, journeyman GnVM


Innate Abilities, Weirdness & Mutations

You are a creature of crystalline ice.
You have a powerful freezing melee attack.
Your maximum health is increased.
Your armour is entirely melded.
You are incapable of wielding weapons or throwing items.
You cannot wear most types of armour.
You are amphibious.
You can wear up to eight rings at the same time.
((Your skin changes colour to match your surroundings (Stealth+).))
((Your rubbery body absorbs attacks. (AC +1, EV +1)))
((You are camouflaged near water. (Stealth+)))
((You have tentacles for arms and can constrict up to eight enemies at once.))


Message History

The boulder beetle is severely wounded.
You punch the boulder beetle! You freeze the boulder beetle.
The boulder beetle is almost dead.
The boulder beetle bites you but does no damage.
You pummel the boulder beetle!! You freeze the boulder beetle.
You kill the boulder beetle!
The wraith is distracted by your dazzling golden aura.
A four-headed hydra comes into view.
The death knight hits you but does no damage.
There is a stone staircase leading up here.
Things that are here:
18 gold pieces; a +0 short sword The death knight is distracted by your dazzling golden aura.
You climb upwards.
Level annotation: 3 runed translucent doors, fomalhaut's ghost, journeyman DrCj
There is a stone staircase leading down here.
The death knight shouts!
You hit the death knight but do no damage.
The death knight is no longer distracted by gold.
The death knight barely misses you.
You pulverise the death knight!!!
You freeze the death knight.
The death knight is heavily wounded.
The death knight reflects your damage back at you!
You punch the death knight! You freeze the death knight.
The death knight is severely wounded.
The death knight reflects your damage back at you!
The death knight hits you with a +1 vorpal battleaxe!
* * * LOW HITPOINT WARNING * * *
x2 You punch the death knight!
You freeze the death knight.
The death knight is almost dead.
The death knight reflects your damage back at you!
* * * LOW HITPOINT WARNING * * *
The death knight closely misses you.
You barely miss the death knight.
The death knight is severely wounded.
The death knight's dark mirror aura disappears.
The death knight hits you with a +1 vorpal battleaxe!
* * * LOW HITPOINT WARNING * * *
You die...
Your body crumbles into a pile of gold.

'#########.....................#
#######..#..................#'##
.#.#.#.#.#.............######.#
#.#.#)##.#.............#......#
.#.#.#.#.#.............#.######
#.#.#.##.#..........##.#.########
.#)#.#.#............##.#.........
#.#.#.##.........p..##.##########
.#.#.#.#........Y................
#.#.#.####..........^.....#######
########..######..........####
.'........######.............#
.#####....##...'.............#
.#####....##.###.............#
.............# ####..........#
........))...# #..........#
.............# #..........#


You could see a death knight.

Vanquished Creatures
  Rupert (Lair:5)
  Nessos (Lair:6)
  6 hydras
  2 boulder beetles
  A vault guard (D:13)
  A centaur warrior (D:13)
  8 two-headed ogres
  2 tengu warriors (D:13)
  7 death yaks
  3 thrashing horrors (Lair:6)
  A large abomination (Lair:6)
  2 skeletal warriors
  A deep troll (D:9)
  2 bog bodies (Lair:2)
  Pikel (D:4)
  A deep elf zephyrmancer (D:11)
  2 deep elf pyromancers
  2 ugly things (Lair:6)
  A cyclops (D:11)
  11 elephants (Lair:6)
  Maurice (D:12)
  3 black mambas
  A guardian serpent (D:13)
  11 cane toads
  3 smoke demons (Lair:6)
  A gargoyle (D:7)
  A black mamba (shapeshifter) (D:13)
  An unseen horror (D:10)
  4 rime drakes
  4 komodo dragons
  A polar bear (Lair:5)
  An ancient zyme (Lair:6)
  A queen bee (shapeshifter) (Lair:6)
  11 trolls
  Grinder (D:4)
  Prince Ribbit (D:7)
  A hornet (D:11)
  9 slime creatures (D:13)
  5 dream sheep (Lair:6)
  40 blink frogs
  Sigmund (D:4)
  2 ynoxinuls (Lair:6)
  A wraith (D:10)
  A tarantella (shapeshifter) (Lair:6)
  80 yaks
  7 basilisks
  3 wyverns
  11 vampire mosquitoes
  3 wargs (D:11)
  8 water moccasins
  An acid dragon (D:12)
  Duvessa (D:6)
  A swamp drake (D:11)
  2 sky beasts
  A black bear (D:6)
  2 ice beasts
  2 necrophages
  8 orc warriors
  3 ogres
  14 wolves
  10 centaurs
  2 lemures (D:4)
  A phantom (D:3)
  2 kobold brigands (D:9)
  11 bullfrogs
  A gnoll sergeant (D:9)
  4 water moccasin zombies
  3 scorpions
  Dowan (D:6)
  A water moccasin skeleton (D:6)
  15 killer bees
  5 wights (D:9)
  A killer bee (shapeshifter) (Lair:6)
  3 howler monkeys
  A crimson imp (D:11)
  7 centaur zombies
  3 hounds
  6 orc priests
  A bullfrog skeleton (D:5)
  A gnoll shaman (D:9)
  An iron imp (D:11)
  3 iguanas
  Ijyb (D:3)
  19 orc wizards
  10 small abominations (Lair:6)
  2 mummies (Ossuary)
  Robin (D:3)
  A gnoll (D:1)
  9 adders
  A shadow imp (D:11)
  A white imp (D:11)
  3 adder zombies (Ossuary)
  2 dart slugs
  51 orcs
  3 endoplasms
  4 giant cockroaches
  9 hobgoblins
  10 jackals
  7 kobolds
  5 quokkas
  8 ball pythons
  6 bats
  5 frilled lizards
  8 gnoll zombies (Ossuary)
  18 goblins
  5 hobgoblin zombies (Ossuary)
  2 kobold zombies (Ossuary)
  4 orc zombies (Ossuary)
  4 rats
591 creatures vanquished.

Vanquished Creatures (others)
  An orc (D:11)
  13 fungi
  28 plants
  5 toadstools (D:1)
47 creatures vanquished.

Grand Total: 638 creatures vanquished

Notes
Turn   | Place    | Note
-------+----------+-------------------------------------------
     0 | D:1      | avis the Octopode Transmuter began the quest for the Orb.
     0 | D:1      | Reached XP level 1. HP: 13/13 MP: 3/3
   235 | D:1      | Reached XP level 2. HP: 6/18 MP: 3/5
   907 | D:1      | Reached XP level 3. HP: 10/23 MP: 4/6
   918 | D:1      | Learned a level 3 spell: Spider Form
  1884 | D:2      | Reached skill level 1 in Stealth
  1884 | D:2      | Reached skill level 1 in Poison Magic
  1884 | D:2      | Reached XP level 4. HP: 20/28 MP: 4/7
  1992 | D:2      | Found a faded altar of an unknown god.
  2553 | D:3      | Noticed Ijyb
  2559 | D:3      | Killed Ijyb
  2560 | D:3      | Reached XP level 5. HP: 27/33 MP: 4/8
  2565 | D:3      | Reached skill level 5 in Transmutations
  2671 | D:3      | Found an ancient bone altar of Kikubaaqudgha.
  2671 | D:3      | Found a glowing silver altar of Zin.
  2671 | D:3      | Found a glowing golden altar of the Shining One.
  2671 | D:3      | Found a sacrificial altar of Ru.
  2682 | D:3      | Noticed Robin
  3197 | D:3      | Killed Robin
  3672 | D:3      | Reached XP level 6. HP: 7/38 MP: 1/9
  4577 | D:4      | Noticed a necrophage
  4595 | D:4      | Noticed Grinder
  4633 | D:3      | Learned a level 4 spell: Ice Form
  4645 | D:4      | Reached skill level 4 in Unarmed Combat
  5118 | D:4      | Found a shimmering altar of Xom.
  5158 | D:4      | Killed a necrophage
  5159 | D:4      | Reached skill level 5 in Unarmed Combat
  5159 | D:4      | Reached XP level 7. HP: 39/43 MP: 7/10
  5192 | D:4      | Noticed Sigmund
  5208 | D:4      | Killed Sigmund
  5375 | D:4      | Killed Grinder
  5376 | D:4      | Reached skill level 5 in Dodging
  5376 | D:4      | Reached XP level 8. HP: 14/48 MP: 9/11
  5653 | D:4      | Found a bloodstained altar of Trog.
  5725 | D:4      | Noticed Pikel
  5738 | D:4      | Killed Pikel
  5945 | D:4      | Found Ynecomia's Antique Weapon Boutique.
  6271 | D:5      | Entered Level 5 of the Dungeon
  6423 | D:5      | Found a sand-covered staircase.
  6433 | Ossuary  | Entered an ossuary
  6457 | Ossuary  | Reached skill level 5 in Fighting
  6704 | Ossuary  | Reached XP level 9. HP: 47/61 MP: 12/12
  7154 | D:4      | Reached skill level 5 in Stealth
  8131 | D:5      | Upgraded the game from 0.28-a0-683-ga8797d1ae1 to
                  | 0.28-a0-687-gb91baff9cc
  8180 | D:5      | Learned a level 2 spell: Wereblood
  8230 | D:6      | Noticed Duvessa
  8230 | D:6      | Noticed Dowan
  8233 | D:6      | Killed Duvessa
  8235 | D:6      | Killed Dowan
  8692 | D:6      | Reached skill level 1 in Shields
  9344 | D:6      | Found a staircase to the Ecumenical Temple.
  9591 | D:7      | Noticed a boulder beetle
  9599 | D:7      | Noticed Prince Ribbit
  9627 | D:7      | HP: 1/73 [boulder beetle (19)]
  9641 | D:7      | Killed Prince Ribbit
  9971 | D:7      | Reached XP level 10. HP: 18/66 MP: 13/13
 10278 | D:7      | Killed a boulder beetle
 10814 | D:7      | Noticed a gargoyle
 10826 | D:7      | Killed a gargoyle
 10859 | Temple   | Entered the Ecumenical Temple
 11321 | Temple   | Became a worshipper of Gozag Ym Sagoz the Greedy
 12484 | D:8      | Found a burning altar of Makhleb.
 12484 | D:8      | Found a sparkling altar of Nemelex Xobeh.
 12889 | D:9      | Reached skill level 10 in Dodging
 13098 | D:9      | Noticed a two-headed ogre
 13117 | D:9      | HP: 2/79 [two-headed ogre (19)]
 13449 | D:9      | Killed a two-headed ogre
 13450 | D:9      | Reached XP level 11. HP: 51/71 MP: 14/14
 13506 | D:9      | Found a staircase to the Orcish Mines.
 14005 | D:9      | Reached skill level 10 in Stealth
 14893 | D:9      | Identified the +2 plate armour "Durhyeja" {rElec Regen+}
 15254 | D:9      | Noticed a deep troll
 15891 | D:9      | Killed a deep troll
 15892 | D:9      | Reached skill level 5 in Spellcasting
 16459 | D:10     | Entered Level 10 of the Dungeon
 16670 | D:10     | Noticed a two-headed ogre
 16692 | D:10     | Killed a two-headed ogre
 16799 | D:10     | Found a white marble altar of Elyvilon.
 17276 | D:10     | Found a hide-covered altar of Uskayaw.
 17643 | D:10     | Found a basalt altar of Yredelemnul.
 18059 | D:11     | Noticed a two-headed ogre
 18060 | D:11     | Noticed a two-headed ogre
 18061 | D:11     | Noticed a cyclops
 18070 | D:11     | Noticed a skeletal warrior
 18080 | D:11     | HP: 4/88 [something (7)]
 18400 | D:10     | Killed a two-headed ogre
 18405 | D:10     | Killed a two-headed ogre
 18635 | D:11     | Killed a cyclops
 18636 | D:11     | Reached XP level 12. HP: 44/83 MP: 19/19
 19392 | D:11     | Found a staircase to the Lair.
 19589 | D:11     | Reached skill level 10 in Fighting
 19681 | D:11     | Noticed a two-headed ogre
 19688 | D:11     | Killed a two-headed ogre
 19814 | D:11     | Reached skill level 6 in Unarmed Combat
 19917 | D:11     | Reached skill level 7 in Unarmed Combat
 20248 | Lair:1   | Entered Level 1 of the Lair of Beasts
 20593 | Lair:1   | Reached skill level 8 in Unarmed Combat
 21001 | Lair:1   | Reached skill level 9 in Unarmed Combat
 22162 | Lair:2   | Reached XP level 13. HP: 92/92 MP: 20/20
 22168 | Lair:2   | Reached skill level 10 in Unarmed Combat
 22412 | Lair:2   | Found a staircase to the Swamp.
 22980 | Lair:3   | Reached skill level 10 in Transmutations
 23036 | Lair:3   | Identified the ring "Neraebre" {AC+4 Int+6 Stlth-}
 23382 | Lair:3   | Found a runed translucent gate.
 23383 | Lair:3   | Found a runed translucent gate.
 23384 | Lair:3   | Found a runed translucent gate.
 23385 | Lair:3   | Noticed rogsnak's ghost (journeyman GnWz)
 23952 | Lair:1   | Upgraded the game from 0.28-a0-687-gb91baff9cc to
                  | 0.28-a0-691-gad6df49e81
 23960 | Lair:1   | Learned a level 3 spell: Swiftness
 24057 | Lair:4   | Reached skill level 1 in Air Magic
 24241 | Lair:4   | Found a staircase to the Snake Pit.
 24580 | Lair:4   | Found a large runed translucent door.
 24581 | Lair:4   | Found a large runed translucent door.
 24583 | Lair:4   | Noticed Nonn's ghost (adept HuCj)
 25353 | D:12     | Noticed Maurice
 25787 | D:12     | Killed Maurice
 26081 | D:12     | Reached skill level 11 in Unarmed Combat
 26923 | Lair:5   | Reached XP level 14. HP: 83/101 MP: 21/21
 27368 | Lair:5   | Noticed Rupert
 27453 | Lair:5   | Reached skill level 12 in Unarmed Combat
 27631 | Lair:5   | Found a runed translucent door.
 27632 | Lair:5   | Found a viscous altar of Jiyva.
 27633 | Lair:5   | Found a staircase to the Slime Pits.
 28428 | Lair:5   | Killed Rupert
 28775 | Lair:6   | Entered Level 6 of the Lair of Beasts
 28775 | Lair:6   | Found a transporter.
 29057 | Lair:6   | Noticed Nessos
 29061 | Lair:6   | Found a transporter.
 29075 | Lair:6   | Killed Nessos
 29090 | Lair:6   | Reached skill level 13 in Unarmed Combat
 29791 | Lair:6   | Noticed Soleutoll's ghost (journeyman GnVM)
 31039 | Lair:6   | Reached XP level 15. HP: 110/110 MP: 22/22
 31112 | Lair:6   | Reached skill level 14 in Unarmed Combat
 31504 | Lair:6   | Found a corrupted altar of Lugonu.
 31504 | Lair:6   | Found a one-way gate to the infinite horrors of the Abyss.
 31631 | Lair:6   | Got the Collected Works on Hexes
 33200 | D:13     | Identified the +0 ring mail of Foolhardiness {Str+4 SInv}
 33218 | D:13     | Found a runed translucent gate.
 33218 | D:13     | Found a runed translucent gate.
 33218 | D:13     | Found a runed translucent gate.
 33227 | D:13     | Noticed fomalhaut's ghost (journeyman DrCj)
 33340 | D:13     | Reached skill level 15 in Unarmed Combat
 33470 | D:13     | Found a gate to the Vaults.
 34179 | D:14     | Found a snail-covered altar of Cheibriados.
 34208 | D:13     | HP: 1/135 [death knight (13)]
 34208 | D:13     | Slain by a death knight

Illustrated notes

Levels and vault maps discovered:
D:1:      ldierk_walled_garden, layout_rooms, chequers_serial_rivers_small_3
D:2:      minmay_chambers_of_ones, layout_rooms,
          hellmonk_ecumenical_altar_blasted, minmay_misc_feat_square,
          hangedman_decor_riveting
D:3:      layout_rooms, chequers_temple_overflow_statue_of_worship,
          dk_noncrumbling_3, guppyfry_early_orc_mine, uniq_robin, uniq_ijyb
D:4:      layout_cave_pools, lemuel_tele_altar, kennysheep_little_box,
          serial_shops, nicolae_shop_overgrown_old_shop,
          kennysheep_generic_room_11, uniq_sigmund, uniq_pikel, uniq_grinder
D:5:      layout_cave_pools, enter_ossuary_1, minmay_misc_feat_pillars
D:6:      layout_layer_cave, minmay_temple_entry_from_below_a, uniq_duvessa
D:7:      layout_loops_cross, uniq_prince_ribbit1
D:8:      layout_basic, gammafunk_temple_overflow_wave, corexii_corridor_pit,
          serial_bayou_crossing
D:9:      layout_gridville, orc_david_3, evilmike_minifort
D:10:     layout_basic, kennysheep_ying_yang, nicolae_uskayaw_dance_hall
D:11:     kennysheep_ambush_hall, layout_basic, erik_lair_orcish_takeover,
          hangedman_minor_magic
D:12:     layout_rooms, uniq_maurice
D:13:     layout_basic, david_vaults_5, gammafunk_ghost_spectres,
          nrook_guardian_serpent_ordinary
D:14:     layout_gridville, corexii_hall_statues_l, gammafunk_ghost_cemetery,
          cheibriados_altar_1
Temple:   minmay_temple_curvy_loop
Lair:1:   layout_regular_city, chequers_serial_rivers_large_a
Lair:2:   layout_small_grid, skrybe_swamp_entry_bodies, grunt_megastairs_5
Lair:3:   layout_small_grid, ebering_ghost_rock_garden, special_room,
          lemuel_fruit_tree
Lair:4:   layout_gridlike, guppyfry_snake_entry_island,
          ebering_ghost_disaster_area
Lair:5:   layout_gridlike, slime_altar_2, uniq_rupert
Lair:6:   hellmonk_lair_end_abyssal_woods, layout_regular_city,
          gammafunk_ghost_arena, grunt_megastairs_4, uniq_nessos

Skill      XL: |  1  2  3  4  5  6  7  8  9 10 11 12 13 14 15 |
---------------+----------------------------------------------+-----
Transmutations | 3 4 6 7 8 9 12 | 12.0
Stealth        | 1 3 5 8 10 | 10.0
Poison Magic   | 1 |  1.0
Unarmed Combat | 5 9 11 13 15 | 15.0
Dodging        | 5 6 10 | 10.0
Ice Magic      | 2 4 |  4.0
Fighting       | 5 8 10 11 13 14 | 14.2
Shields        | 4 |  4.0
Spellcasting   | 5 |  5.0
Air Magic      | 2 |  2.0

Action                   |  1- 3 |  4- 6 |  7- 9 | 10-12 | 13-15 || total
-------------------------+-------+-------+-------+-------+-------++-------
Melee: Unarmed           |    84 |   175 |   347 |   569 |   715 ||  1890
       Constrict         |    16 |     1 |       |       |       ||    17
       Tentacles         |     7 |     1 |       |       |       ||     8
       Kick              |     7 |       |       |       |       ||     7
       Staff             |       |     9 |     1 |    11 |     2 ||    23
 Cast: Beastly Appendage |    13 |       |     3 |     6 |     2 ||    24
       Spider Form       |    10 |    33 |    25 |     1 |       ||    69
       Ice Form          |       |       |    13 |    63 |    66 ||   142
Invok: Potion Petition   |       |       |       |       |     2 ||     2
Evoke: Wand              |       |       |       |     5 |       ||     5
  Use: Potion            |       |     3 |     4 |     4 |       ||    11
       Scroll            |       |       |     7 |     8 |     6 ||    21
 Stab: Sleeping          |     5 |     2 |     5 |    15 |    16 ||    43
       Distracted        |       |       |       |     4 |     6 ||    10
Armor: Skin              |    10 |    17 |    44 |   167 |   219 ||   457
Dodge: Dodged            |    57 |   143 |   247 |   478 |   544 ||  1469
Block: Buckler           |       |       |       |     5 |     3 ||     8

Table legend: (Time is in decaauts)
 A = Elapsed time spent in this place.
 B = Non-inter-level travel time spent in this place.
 C = Inter-level travel time spent in this place.
 D = Time resting spent in this place.
 E = Time spent auto-exploring this place.
 F = Levels seen in this place.
 G = Mean time per level.
                   A        B        C        D        E       F      G
               +--------+--------+--------+--------+--------+-----+--------+
         Total |  34064 |  30488 |   3576 |  11791 |  10989 |  22 | 1548.4 |
       Dungeon |  22839 |  20417 |   2422 |   8707 |   6535 |  14 | 1631.4 |
        Temple |    528 |    457 |     71 |      0 |    423 |   1 |  528.0 |
          Lair |  10337 |   9255 |   1082 |   2945 |   4031 |   6 | 1722.8 |
       Ossuary |    359 |    359 |      0 |    139 |      0 |   1 |  359.0 |
               +--------+--------+--------+--------+--------+-----+--------+

Top non-repeatable levels by time:
     D:9: 3272 daAuts
    D:10: 2290 daAuts
  Lair:5: 2275 daAuts
  Lair:6: 2269 daAuts
    D:11: 2169 daAuts
     D:3: 2082 daAuts
     D:4: 1861 daAuts
    D:13: 1855 daAuts
  Lair:4: 1763 daAuts
  Lair:1: 1741 daAuts
     D:7: 1701 daAuts
     D:1: 1585 daAuts
     D:2: 1565 daAuts
     D:6: 1478 daAuts
     D:8: 1403 daAuts
